 Dungeon Crawl Stone Soup version 0.25-a0-766-g0ecfff5 (webtiles) character file.

Game seed: 43839336199626555, levelgen mode: deterministic

271 JarJarBinks the Chiller (level 6, -1/46 HPs)
             Began as a Merfolk Ice Elementalist on Apr 13, 2020.
             Slain by an ogre
             ... wielding a +0 giant club
              (3 damage)
             ... on level 4 of the Dungeon.
             The game lasted 00:13:42 (3131 turns).

JarJarBinks the Chiller (Merfolk Ice Elementalist)  Turns: 3131, Time: 00:13:42

Health: -1/46      AC:  2    Str:  9    XL:     6   Next: 23%
Magic:  0/11       EV: 14    Int: 15    God:
Gold:   162        SH:  0    Dex: 15    Spells: 7/11 levels left

rFire    . . .     SeeInvis .   g - +2 short sword (protect)
rCold    . . .     Gourm    .   (no shield)
rNeg     . . .     Faith    .   a - +0 robe
rPois    .         Spirit   .   (no helmet)
rElec    .         Reflect  .   (no cloak)
rCorr    .         Harm     .   (no gloves)
MR       .....                  (no boots)
Stlth    ++........             (no amulet)
HPRegen  0.15/turn              (no ring)
MPRegen  0.12/turn              (no ring)

@: no status effects
A: change form in water, swift swim, stealthy swim
a: no special abilities


You were on level 4 of the Dungeon.
You were not hungry.

You visited 1 branch of the dungeon, and saw 4 of its levels.

You collected 162 gold pieces.

Inventory:

Hand Weapons
 d - a +0 dagger
 g - a +2 short sword of protection (weapon)
Armour
 a - a +0 robe (worn)
Jewellery
 q - a cursed -2 ring of evasion {unknown}
Wands
 l - a wand of iceblast (5)
Scrolls
 e - 5 scrolls of teleportation {unknown}
 f - 2 scrolls of remove curse {unknown}
 i - a scroll of fog {unknown}
 j - 5 scrolls of identify {unknown}
 p - a scroll of enchant weapon {unknown}
Potions
 b - a potion of ambrosia {unknown}
 h - 2 potions of stabbing {unknown}
 k - a potion of mutation {unknown}
 m - a potion of might {unknown}
 n - a potion of magic {unknown}
 o - a potion of haste {unknown}
 r - 3 potions of curing {unknown}
Comestibles
 c - 5 rations


   Skills:
 + Level 2.6 Fighting
 + Level 4.5 Dodging
 - Level 2.3 Stealth
 + Level 3.4 Spellcasting
 + Level 5.6 Ice Magic


You had 7 spell levels left.
You knew the following spells:

 Your Spells              Type           Power        Failure   Level  Hunger
a - Freeze                Ice            ###.         1%          1    None
b - Frozen Ramparts       Ice            ###...       5%          3    ###....

Your spell library contained the following spells:

 Spells                   Type           Power        Failure   Level  Hunger
 Ozocubu's Armour         Chrm/Ice       ##......     19%         3    ###....
 Hailstorm                Conj/Ice       ##......     52%         4    ####...
 Summon Ice Beast         Ice/Summ       ##......     52%         4    ####...


Dungeon Overview and Level Annotations

Branches:
Dungeon (4/15)
 Temple: D:4-7

Altars:
Ashenzari
Gozag

Annotations:
D:3 submeem


Message History

The wall freezes the ogre.
The ogre closely misses you.
The wall freezes the ogre.
Casting: Frozen Ramparts (safe; 5% risk of failure)
Confirm with . or Enter, or press ? or * to list all spells.
You don't have enough magic to cast that spell.
Unknown command.
Casting: Frozen Ramparts (safe; 5% risk of failure)
Confirm with . or Enter, or press ? or * to list all spells.
You don't have enough magic to cast that spell.
Unknown command.
The wall freezes the ogre.
Casting: Frozen Ramparts (safe; 5% risk of failure)
Confirm with . or Enter, or press ? or * to list all spells.
Aiming: Freeze (safe; 1% risk of failure)
Press: ? - help, Shift-Dir - straight line, f/p - ogre
Aim: an ogre, wielding a +0 giant club (almost dead)
You freeze the ogre.
The ogre is almost dead.
The frozen ramparts melt away.
The ogre hits you with a +0 giant club.
You die...

#.......####..................
#.............................
#......#####.#.#............!.
#......##......#.####.........
#......#.....#.#.# #..#.##.##
#......#.....#.#.# ##..#.##.#
#......#.......#.# #.....##..
#.###..#.....###.####..####.##
.. #..####..@O...# #.........
.............# ##.####.#
........###..# #.# #.#
.............# #.# #..
#.####..####.####.# ........#
#......# #.####..# ########
#..# #..#


You could see an ogre.

Vanquished Creatures
  A scorpion (D:4)
  2 orc wizards
  An iguana (D:4)
  A worker ant (D:4)
  Robin (D:3)
  An adder (D:2)
  An ooze (D:3)
  2 worms (D:2)
  2 dart slugs
  A leopard gecko (D:2)
  11 orcs
  3 giant cockroaches (D:2)
  11 goblins
  6 hobgoblins
  2 jackals (D:1)
  7 kobolds
  A ball python (D:3)
  6 bats
  2 frilled lizards
  7 rats
69 creatures vanquished.

Notes
Turn   | Place    | Note
-------+----------+-------------------------------------------
     0 | D:1      | JarJarBinks the Merfolk Ice Elementalist began the quest
                  | for the Orb.
     0 | D:1      | Reached XP level 1. HP: 13/13 MP: 3/3
   153 | D:1      | Reached XP level 2. HP: 6/19 MP: 0/5
  1336 | D:1      | Reached XP level 3. HP: 21/24 MP: 6/6
  1603 | D:2      | Learned a level 3 spell: Frozen Ramparts
  1765 | D:2      | Found a shattered altar of Ashenzari.
  1896 | D:2      | Reached skill level 5 in Ice Magic
  2136 | D:2      | Reached skill level 1 in Fighting
  2136 | D:2      | Reached XP level 4. HP: 21/32 MP: 0/8
  2309 | D:3      | Noticed Robin
  2323 | D:3      | Killed Robin
  2387 | D:3      | Found an opulent altar of Gozag.
  2433 | D:3      | Reached XP level 5. HP: 38/38 MP: 4/9
  3092 | D:4      | Reached XP level 6. HP: 12/46 MP: 4/11
  3115 | D:4      | HP: 2/46 [poisoned by a worker ant]
  3124 | D:4      | HP: 1/46 [ogre/+0 giant club (3)]
  3131 | D:4      | Slain by an ogre

Levels and vault maps discovered:
D:1:      lemuel_arrival_hallway, layout_loops_corners
D:2:      layout_loops_ring, nicolae_overflow_crystal_walls
D:3:      layout_loops_ring, hangedman_decor_growths,
          nicolae_gozag_cash_rules_everything_around_me, uniq_robin
D:4:      minmay_chambers_of_twos, layout_basic,
          chequers_temple_overflow_statue_of_worship, first_ration,
          hangedman_decor_lopped, minmay_shop_damaged, minmay_strange_pillars

Skill      XL: |  1  2  3  4  5 |
---------------+----------------+-----
Dodging        | 3 4 |  4.5
Ice Magic      | 5 |  5.6
Fighting       | 1 2 |  2.6
Spellcasting   | 3 |  3.4
Stealth        | |  2.3

Action                   |  1- 3 |  4- 6 || total
-------------------------+-------+-------++-------
Melee: Unarmed           |     2 |       ||     2
       Short sword       |    25 |     9 ||    34
       Dagger            |    11 |       ||    11
 Cast: Freeze            |    53 |    31 ||    84
       Frozen Ramparts   |     2 |    10 ||    12
  Eat: Ration            |     1 |     2 ||     3
Armor: Robe              |    21 |     6 ||    27
Dodge: Dodged            |    79 |    32 ||   111

Table legend:
 A = Non-vault XP
 B = Vault XP
 C = Vault XP percentage of total XP
 D = Non-vault monster count
 E = Vault monster count
 F = Vault count percentage of total count
                 A         B        C        D         E       F
            +---------+---------+-------+---------+---------+-------
      Total |     359 |      29 |   7.5 |      61 |       8 |  11.6
            +---------+---------+-------+---------+---------+-------
        D:1 |      35 |       0 |   0.0 |      20 |       0 |   0.0
        D:2 |      49 |       0 |   0.0 |      17 |       0 |   0.0
        D:3 |      84 |      29 |  25.7 |      18 |       8 |  30.8
        D:4 |     191 |       0 |   0.0 |       6 |       0 |   0.0
            +---------+---------+-------+---------+---------+-------
